 Seeded DCSS version 0.30.0-18-gc0e69614cb (webtiles) character file.

Game seed: 6351066067085065685 (custom seed)

90 Esekla the Sneak (level 4, -1/32 HPs)
             Began as an Octopode Delver on May 24, 2023.
             Was an Initiate of Gozag.
             Slain by a lemure (9 damage)
             ... led by Pikel
             ... on level 6 of the Dungeon.
             The game lasted 00:03:40 (679 turns).

Esekla the Sneak (Octopode Delver)                   Turns: 679, Time: 00:03:40

Health: -1/32      AC:  1    Str: 11    XL:     4   Next: 56%
Magic:  5/5        EV: 13    Int: 14    God:    Gozag
Gold:   21         SH:  0    Dex: 13    Spells: 5/5 levels left

rFire   . . .        a - +0 falchion
rCold   . . .        (no shield)
rNeg    . . .        (helmet restricted)
rPois   .            i - amulet of magic regeneration
rElec   .            (no ring)
rCorr   .            (no ring)
SInv    .            (no ring)
Will    .....        (no ring)
Stlth   +++++        (no ring)
HPRegen 0.25/turn    (no ring)
MPRegen 0.49/turn    (no ring)
                     (no ring)

%: no passive effects
@: gold aura
A: almost no armour, amphibious, 8 rings, camouflage 1, gelatinous body 1,
(nimble swimmer 1), tentacles
a: Renounce Religion, Potion Petition, Call Merchant, Bribe Branch


You were on level 6 of the Dungeon.
You worshipped Gozag.
Gozag was noncommittal.
You visited 2 branches of the dungeon, and saw 3 of its levels.

You collected 61 gold pieces.
You paid 40 gold pieces to Gozag.

Inventory:

Hand Weapons
 a - a +0 falchion (weapon)
Jewellery
 i - an amulet of magic regeneration (around mantle)
Wands
 f - a wand of digging (3)
 g - a wand of flame (15)
Scrolls
 b - a scroll of fog
 c - 2 scrolls of magic mapping
Potions
 h - a potion of brilliance {unknown}
 j - a potion of lignification {unknown}
 k - a potion of curing {unknown}
 l - a potion of heal wounds {unknown}


   Skills:
 * Level 3.6 Fighting
 + Level 2.3 Long Blades
 * Level 2.4 Dodging
 + Level 7.6 Stealth
 * Level 1.1 Spellcasting


You had 5 spell levels left.
You didn't know any spells.
Your spell library contained the following spells:

 Spells                   Type           Power      Damage    Failure   Level
 Spider Form              Tmut/Pois      0%         N/A       61%         3
 Cause Fear               Hex            0%         N/A       95%         4
 Summon Mana Viper        Hex/Summ       0%         N/A       100%        5


Dungeon Overview and Level Annotations

Branches:
Dungeon (6/15)             Temple (1/1) D:6

Altars:
Cheibriados
Dithmenos
Gozag
Wu Jian
Xom

Annotations:
D:6 Pikel


Innate Abilities, Weirdness & Mutations

You cannot wear most types of armour.
You are amphibious.
You can wear up to eight rings at the same time.
Your skin changes colour to match your surroundings (Stealth+).
Your rubbery body absorbs attacks. (AC +1, EV +1)
((You are camouflaged when in or above water. (Stealth+)))
You have tentacles for arms and can constrict up to eight enemies at once.


Message History

You squeeze the hound!
The hound is heavily wounded.
The hound barely misses you. The hound bites you.
You hit the hound. Your grab misses the hound.
The hound is heavily wounded.
The hound closely misses you. x2
You closely miss the hound. Your grab misses the hound.
The hound is heavily wounded.
The hound bites you. The hound completely misses you.
You hit the hound. Your grab misses the hound.
The hound is severely wounded.
The hound barely misses you. The hound bites you.
You closely miss the hound. Your grab misses the hound.
The hound is severely wounded.
The hound barely misses you.
You closely miss the hound. You grab the hound. You squeeze the hound.
The hound is almost dead.
You constrict the hound. The hound closely misses you. The hound bites you.
You hit the hound.
You kill the hound!
A sky beast appears from thin air!
Reactivating autopickup.
Okay, then.
Okay, then.
You barely miss the sky beast.
The sky beast is moderately wounded.
The sky beast hits you. The sky beast shocks you.
* * * LOW HITPOINT WARNING * * *
The sky beast attacks as you move away! The sky beast barely misses you.
The sky beast flickers out of sight!
Deactivating autopickup; reactivate with Ctrl-A.
Blink to where?
Press: ? - help, Dir - move target
As you read the scroll labelled LIXOR VONLAKI, it crumbles to dust.
It was a scroll of blinking.
The lemure shouts!
You hear a shout!
The lemure barely misses you. The lemure attacks as you move away!
The lemure hits you!
You die...
Your body crumbles into a pile of gold.

.....#####.#Y#
##........##.
#...........#.
#.#.#.#.#.#...#
#(..........###
#.#[......#.#
##...........#
#.....#...>...#.# ##
#......[..@5....##...
#.....#.......#.....
$ #5.......!.$....##
#.....#.#.#.#.#.#
#####...........#
####.###....#
##.###..###
#...[.....####
#...##...{...#


You could see a lemure.

Vanquished Creatures
  2 hounds
  3 adders
  An orc (D:5)
6 creatures vanquished.

Notes
Turn   | Place    | Note
-------+----------+-------------------------------------------
     0 | D:5      | Esekla the Octopode Delver began the quest for the Orb.
     0 | D:5      | Reached XP level 1. HP: 16/16 MP: 1/1
    51 | D:5      | Noticed a sleepcap
    65 | D:5      | Noticed an iguana
   105 | D:5      | Reached XP level 2. HP: 21/21 MP: 2/2
   109 | D:5      | Found a shadowy altar of Dithmenos.
   149 | D:5      | Reached skill level 7 in Stealth
   256 | D:5      | Noticed a scorpion
   266 | D:5      | Got the Parchment of the Lumpy Olives
   341 | D:5      | Reached XP level 3. HP: 7/26 MP: 2/4
   477 | D:6      | Reached skill level 1 in Spellcasting
   477 | D:6      | Reached XP level 4. HP: 17/31 MP: 5/5
   592 | D:6      | Found a staircase to the Ecumenical Temple.
   593 | D:6      | Noticed a lemure
   603 | D:6      | Noticed a sky beast
   604 | D:6      | Noticed Pikel
   608 | Temple   | Entered the Ecumenical Temple
   625 | Temple   | Became a worshipper of Gozag Ym Sagoz the Greedy
   679 | D:6      | Slain by a lemure

Illustrated notes

Levels and vault maps discovered:
D:5:      layout_loops_ring, lemuel_doored_altar, minmay_misc_feat_rows,
          dreamdust_wishing_well
D:6:      layout_loops_cross, fedhas_altar_fruit_tree,
          minmay_temple_entry_glass, uniq_pikel, uniq_blork_the_orc
Temple:   compressed_dpeg_circular_temple

Skill      XL: |  1  2  3 |
---------------+----------+-----
Stealth        | 7 |  7.6
Spellcasting   | 1 |  1.1
Fighting       | |  3.6
Long Blades    | |  2.3
Dodging        | |  2.4

Action                     |  1- 3 |  4- 6 || total
---------------------------+-------+-------++-------
  Melee: Falchion          |    17 |     8 ||    25
         Constrict         |     4 |     1 ||     5
         Tentacles         |     2 |     2 ||     4
    Use: Scroll            |     1 |     2 ||     3
         Potion            |     1 |       ||     1
   Stab: Sleeping          |     2 |       ||     2
  Dodge: Dodged            |    12 |    10 ||    22
